cohdb
Replays
Latest Replays
All Replays
Popular Replays
Top Player Replays
Match Explorer
How It Works
Community
CoH3 Stats
Reddit
Sign in to upload your games and track your stats! →
Sign in with Steam
Match 42718983
Unlisted
Match 42718983
Overview
Messages
Build Orders
End
Panzerpioneer Squad
Selects Armored Support Battlegroup
250 Light Carrier
Panzerpioneer Squad
Panzergrenadier Squad
Construct Light Support Kompanie
Fire Support Elements
Panzerjäger Squad
Selects Superior Fire Drills
Flakvierling Half-track
Panzerjäger Mechanized Group
Combat Half-tracks
2.5-tonne Medical Truck
Selects Flammpanzer III Medium Tank
Flammpanzer III Medium Tank
Pak 38 Mechanized Group
2.5-tonne Medical Truck
Panzerjäger Squad
Pak 38 Anti-tank Gun Team
Selects Salvage Kits
Selects Command Panzer IV F Medium Tank
Pak 38 Anti-tank Gun Team
K̳itsuné
Artistóteles
ShoulderGuy
Pinhead Larry
0
0
Comments
sign in to comment!
No comments posted yet!